Map: World of Sleepers LE

Players

RorsChach - Winner!

  • Race: Terran Terran
  • League: Silver
  • Spawn Location: 7:00

Ratl

  • Race: Zerg Zerg
  • League: Silver
  • Spawn Location: 1:00

VOD

Have the link to the VOD?

Description

Time

  • Played on: Feb. 12, 2020, 12:08 p.m.
  • Length: 10:37
Show
View Real Time Build Order
Export as new Build Order

RorsChach Terran - Winner!

Build Orders:  

Get SALT Encoding   

  12  0:02  SCV  
  14  0:14  SCV  
  14  0:18  Supply Depot  
  14  0:26  SCV  
  15  0:40  SCV, Refinery  
  16  0:46  Barracks  
  16  0:52  SCV  
  17  1:04  SCV  
  18  1:16  SCV  
  19  1:28  SCV  
  20  1:41  Orbital Command  
  20  1:43  Reaper  
  21  1:51  Command Center  
  21  2:07  SCV  
  22  2:29  SCV  
  23  2:40  Factory, Barracks Reactor  
  23  2:54  Supply Depot  
  23  3:03  SCV  
  24  3:06  Orbital Command  
  24  3:15  SCV  
  25  3:21  Barracks  
  25  3:23  Refinery  
  25  3:27  Engineering Bay  
  25  3:30  Starport, Factory Tech Lab  
  25  3:35  SCV x2  
  27  4:01  SCV  
  27  4:03  Hellion x2  
  31  4:10  Stimpack  
  31  4:13  SCV  
  32  4:17  Barracks Reactor  
  32  4:18  Starport Reactor  
  32  4:24  Hellion  
  32  4:25  Hellion  
  36  4:32  SCV x2  
  36  4:33  Refinery  
  36  4:34  Refinery  
  38  4:44  SCV x2  
  40  4:46  Hellion x2  
  40  4:47  Command Center  
  40  4:49  Terran Infantry Weapons Level 1  
  40  4:51  Marine  
  45  4:56  SCV  
  45  4:57  Barracks  
  46  5:01  Factory  
  46  5:27  SCV x2  
  46  5:58  SCV  
  46  5:59  SCV, Hellion x2  
  50  6:11  SCV  
  49  6:17  Marine, Medivac x2  
  49  6:18  Marine, Combat Shield  
  55  6:20  Hellion x2  
  55  6:21  Barracks Reactor  
  59  6:35  Marine x2  
  61  6:43  Factory Tech Lab  
  61  6:50  Supply Depot  
  61  6:55  Supply Depot  
  61  7:09  Supply Depot  
  61  7:11  Marine x3, Supply Depot  
  61  7:12  SCV, Hellion x2  
  61  7:13  Supply Depot  
  69  7:16  SCV  
  69  7:17  Supply Depot, Hellion  
  72  7:24  SCV  
  72  7:28  Fusion Core, Terran Infantry Armor Level 1  
  72  7:29  Marine x3  
  74  7:33  Hellion x2  
  74  7:36  Supply Depot  
  80  7:38  Hellion  
  78  7:47  Marine x3  
  79  7:55  Hellion x2  
  77  8:05  Marauder  
  77  8:08  Medivac x2  
  81  8:15  Supply Depot  
  81  8:24  Siege Tank, Infernal Pre-Igniter  
  86  8:27  Marauder  
  86  8:31  Rapid Reignition System  
  86  8:35  Orbital Command  
  86  8:37  Supply Depot  
  86  8:43  Engineering Bay  
  88  8:48  Marauder  
  88  8:50  Marine x4  
  92  8:56  Supply Depot  
  92  8:59  Supply Depot  
  92  9:03  Supply Depot  
  92  9:07  Marine  
  92  9:08  Marine x3  
  98  9:10  Marauder  
  98  9:12  Refinery  
  98  9:13  Refinery  
  98  9:18  Supply Depot  
  98  9:19  SCV x3  
  98  9:22  Medivac  
  98  9:23  Medivac  
  105  9:25  Marine x2  
  110  9:31  SCV, Marauder  
  110  9:39  Armory  
  110  9:42  Supply Depot  
  110  9:44  Engineering Bay  
  110  9:50  SCV x3  
  115  9:52  Marauder  
  115  9:55  Supply Depot  
  115  9:56  Supply Depot  
  115  10:02  SCV  
  116  10:11  Marine x4  
  116  10:13  Hellion  
  116  10:14  Marauder  
  124  10:22  Supply Depot  
Show
View Real Time Build Order
Export as new Build Order

Ratl Zerg 

Build Orders: Hatch First 

Get SALT Encoding   

  12  0:00  Drone  
  13  0:13  Overlord  
  13  0:20  Drone  
  14  0:31  Drone  
  15  0:38  Drone  
  15  0:42  Drone  
  17  0:51  Drone  
  18  1:02  Hatchery  
  17  1:09  Drone x2  
  19  1:22  Spawning Pool  
  19  1:23  Drone  
  19  1:32  Drone  
  20  1:41  Extractor, Drone  
  20  1:50  Drone  
  21  2:01  Drone  
  22  2:12  Overlord  
  22  2:13  Queen  
  24  2:16  Overlord  
  24  2:22  Drone  
  25  2:27  Drone  
  26  2:33  Drone  
  27  2:37  Drone  
  27  2:43  Queen  
  30  2:44  Drone  
  30  2:53  Drone  
  30  3:02  Drone x2  
  32  3:09  Drone  
  32  3:10  Drone  
  34  3:19  Queen  
  37  3:20  Drone x2  
  38  3:28  Drone  
  38  3:30  Drone  
  40  3:38  Drone x2  
  42  3:45  Drone x2  
  43  3:49  Overlord  
  42  4:04  Drone x2  
  44  4:10  Lair  
  44  4:13  Drone x5  
  44  4:14  Extractor, Drone x2  
  44  4:16  Extractor  
  49  4:19  Drone  
  49  4:21  Drone  
  49  4:23  Hatchery  
  50  4:49  Drone x2  
  50  4:51  Overlord x2  
  50  5:14  Drone  
  50  5:15  Drone x2  
  50  5:16  Drone x2  
  50  5:19  Drone  
  50  5:20  Drone x3  
  54  5:27  Roach Warren  
  49  5:29  Evolution Chamber  
  49  5:31  Drone x2  
  45  5:41  Drone x8  
  50  5:48  Drone x2  
  49  5:51  Drone  
  49  5:56  Drone x2  
  47  6:07  Drone x2  
  47  6:08  Drone  
  49  6:20  Infestation Pit  
  49  6:24  Drone x4  
  52  6:26  Hydralisk Den  
  51  6:34  Drone x5  
  56  6:46  Drone x3  
  59  6:50  Roach  
  59  6:53  Roach x3  
  67  7:00  Drone x3  
  70  7:07  Drone x2  
  72  7:16  Extractor  
  72  7:18  Extractor  
  72  7:20  Roach x2  
  72  7:21  Overlord x3  
  72  7:26  Roach x4  
  73  7:33  Drone x2  
  73  7:34  Drone  
  71  7:38  Drone  
  65  7:51  Drone  
  65  7:52  Drone x7  
  65  7:58  Drone x3  
  70  8:05  Queen  
  72  8:14  Drone  
  72  8:15  Drone x6  
  79  8:23  Roach x2  
  79  8:24  Roach x3  
  89  8:31  Drone x2  
  91  8:43  Roach x3  
  97  8:49  Overlord x6  
  97  8:52  Drone  
  98  9:00  Extractor  
  97  9:09  Drone  
  98  9:10  Drone x8  
  106  9:18  Hatchery, Drone x4  
  109  9:25  Hive  
  109  9:40  Hydralisk x10  
  129  9:50  Hatchery  
  128  10:03  Drone x8  
  136  10:11  Drone  
  136  10:12  Drone x4  
Tags
 
Add a new tag
Caveats
  • Supply blocks, unpowered buildings, or Contaminate may cause inaccurate times.
  • Supply counts are checked every 10 seconds.